[Event "Team 45 45 League T57"]
[Site "Internet Chess Club"]
[Date "2013.06.22"]
[Round "5"]
[White "TerryMalloy"]
[Black "DARKwizard1"]
[Result "1-0"]
[WhiteElo "2008"]
[BlackElo "1992"]
[Opening "Queen's pawn game"]
[ECO "E10"]
[Time "09:12:57"]
[TimeControl "2700+45"]

1. d4 Nf6 2. c4 e6 3. Nf3 d5 4. g3 c5 5. cxd5 exd5 6. Bg2 Nc6 7. O-O cxd4 8.
Nxd4 Bc5 9. Nxc6 bxc6 10. Qc2 Qd6 11. Bf4 Qe7 12. b4 Bd4 13. Qxc6+ Qd7 14. Qxa8
O-O 15. Nc3 Bxc3 16. Rac1 Ba6 17. Bb8 Bxe2 18. Rxc3 Bxf1 19. Bxf1 Qe8 20. Qxa7
Qxb8 21. Qxb8 Rxb8 22. b5 Kf8 23. Rc7 Ne8 24. Rd7 Nf6 25. Ra7 d4 26. Bd3 Nd5 27.
Kf1 Nb4 28. Ke2 Nxd3 29. Kxd3 Rxb5 30. Kxd4 Rb2 31. Ke3 g6 32. a4 Rb3+ 33. Ke2
Rb2+ 34. Kf3 Rb3+ 35. Kg2 h5 36. h4 Kg7 37. a5 Ra3 38. a6 Kf6 39. f3 Ra2+ 40.
Kf1 Ke5 41. Ra8 f6 42. a7 Kf5 43. Ke1 Ra3 44. Ke2 Ra2+ 45. Kd3 Ra3+ 46. Kc4 Rxf3
47. Rb8 {Black resigns} 1-0

[Event "Team 45 45 League T57"]
[Site "Internet Chess Club"]
[Date "2013.06.22"]
[Round "5"]
[White "laurenpar"]
[Black "MeWantCookie"]
[Result "0-1"]
[WhiteElo "1881"]
[BlackElo "2033"]
[Opening "Réti opening"]
[ECO "A04"]
[Time "23:32:24"]
[TimeControl "2700+45"]

1. Nf3 b6 2. g3 Bb7 3. Bg2 Nf6 4. c4 e6 5. O-O c5 6. b3 Be7 7. Bb2 O-O 8. e3 Nc6
9. Qe2 d5 10. Nc3 d4 11. exd4 cxd4 12. Nb5 d3 13. Qe3 Nb4 14. Qf4 a6 15. Nc3 Nc2
16. Rac1 Nd7 17. Ne4 Nc5 18. Nxc5 bxc5 19. h4 Rb8 20. Ne5 Bxg2 21. Kxg2 Qd6 22.
Qe4 Nb4 23. a3 Nc2 24. Qxd3 Qxd3 25. Nxd3 Rxb3 26. Rxc2 Rxd3 27. Bc3 Rb8 28. Ra1
Bf6 29. Bxf6 gxf6 30. Kf1 Rbb3 31. Ke2 f5 32. Rb2 Rxg3 33. Rg1 Rxb2 34. Rxg3+
Kf8 35. h5 Rc2 36. Kd3 Ra2 37. Ke2 Ke7 38. h6 Kf6 39. Rg7 Rxa3 40. d3 Ra2+ 41.
Kf3 f4 42. Rxh7 Rd2 43. Kxf4 Rxd3 44. Kg4 Rd4+ 45. Kh5 Rxc4 46. Rg7 Rc1 {White
resigns} 0-1

[Event "Team 45 45 League T57"]
[Site "Internet Chess Club"]
[Date "2013.06.22"]
[Round "5"]
[White "cys456"]
[Black "primerpaso"]
[Result "1-0"]
[WhiteElo "1993"]
[BlackElo "1883"]
[Opening "Sicilian: Canal-Sokolsky attack, Sokolsky variation"]
[ECO "B52"]
[Time "11:00:52"]
[TimeControl "2700+45"]

1. e4 c5 2. Nf3 d6 3. Bb5+ Bd7 4. Bxd7+ Qxd7 5. c4 Nc6 6. d4 cxd4 7. Nxd4 Nf6 8.
Nc3 e6 9. O-O Be7 10. Be3 O-O 11. Qe2 Rfc8 12. f4 Nxd4 13. Bxd4 Qc6 14. b3 a6
15. Rad1 Nd7 16. Nd5 Bf8 17. Nb4 Qc7 18. f5 Re8 19. Qg4 a5 20. fxe6 fxe6 21. Nd3
e5 22. Be3 Qd8 23. Bg5 Be7 24. Bh6 Bf6 25. c5 Kh8 26. Bxg7+ Bxg7 27. Rf7 Rg8 28.
Rxd7 Qc8 29. cxd6 Qc2 30. Rc7 Qxa2 31. Qh5 Qxb3 32. Nxe5 Qe6 33. Nf7+ {Black
resigns} 1-0

[Event "Team 45 45 League T57"]
[Site "Internet Chess Club"]
[Date "2013.06.23"]
[Round "5"]
[White "divy7"]
[Black "NimzoMal"]
[Result "1/2-1/2"]
[WhiteElo "1658"]
[BlackElo "1977"]
[Opening "French: exchange variation"]
[ECO "C01"]
[Time "10:18:30"]
[TimeControl "2700+45"]

1. e4 e6 2. d4 d5 3. exd5 exd5 4. Bf4 Bd6 5. Bxd6 Qxd6 6. Nf3 Nf6 7. Bd3 O-O 8.
O-O Re8 9. Re1 Rxe1+ 10. Qxe1 Bg4 11. Nbd2 Nc6 12. c3 Re8 13. Qf1 Bxf3 14. Nxf3
h6 15. Re1 Re6 16. Re2 Qe7 17. Qe1 Rxe2 {Game drawn by mutual agreement} 1/2-1/2

[Event "Team 45 45 League T57"]
[Site "Internet Chess Club"]
[Date "2013.06.19"]
[Round "5"]
[White "badmove"]
[Black "juniorVishy"]
[Result "0-1"]
[WhiteElo "1643"]
[BlackElo "1723"]
[Opening "Sicilian: closed, 6.f4"]
[ECO "B25"]
[Time "17:21:24"]
[TimeControl "2700+45"]

1. e4 c5 2. Nc3 g6 3. g3 Bg7 4. Bg2 Nc6 5. d3 d6 6. f4 e6 7. Nf3 Nge7 8. O-O O-O
9. Be3 b6 10. e5 Rb8 11. d4 cxd4 12. Nxd4 Nxd4 13. Bxd4 Nf5 14. Bf2 dxe5 15.
fxe5 Bxe5 16. Re1 Bg7 17. Qg4 Bb7 18. Rad1 Qe7 19. Bxb7 Rxb7 20. Rd3 Rd7 21. Qc4
Rxd3 22. cxd3 Rd8 23. g4 Nd6 24. Qb4 Nc8 25. Qc4 Qd7 26. Rd1 Bd4 27. Ne4 Bxf2+
28. Nxf2 Nd6 29. Qf4 Nb5 30. Ne4 Qd4+ 31. Kf1 f5 32. Qg5 fxe4 33. Qxb5 e3 34.
Ke2 Qxg4+ {White resigns} 0-1

[Event "Team 45 45 League T57"]
[Site "Internet Chess Club"]
[Date "2013.06.24"]
[Round "5"]
[White "iceface"]
[Black "ILRE"]
[Result "1-0"]
[WhiteElo "1850"]
[BlackElo "1533"]
[Opening "QGD: 4.Bg5 Be7"]
[ECO "D53"]
[Time "19:02:02"]
[TimeControl "2700+45"]

1. d4 d5 2. c4 e6 3. Nc3 Nf6 4. Bg5 Be7 5. Nf3 c6 6. e3 O-O 7. cxd5 exd5 8. Bd3
Nbd7 9. Qc2 Re8 10. O-O g6 11. Bh6 Nf8 12. h3 Ne6 13. Rfe1 Ng7 14. Rad1 Bf5 15.
a3 Bxd3 16. Qxd3 Nf5 17. Bf4 a5 18. Be5 Bd6 19. Bxf6 Qxf6 20. e4 dxe4 21. Nxe4
Qd8 22. d5 Bf8 23. dxc6 Qxd3 24. Rxd3 Bg7 25. cxb7 Rab8 26. b3 Re6 27. g4 Ne7
28. Rd7 h6 29. Nc5 Rxe1+ 30. Nxe1 Nc6 31. Na6 Re8 32. Nd3 Nb8 33. Nxb8 Rxb8 34.
Rc7 Kf8 {Black resigns} 1-0

[Event "Team 45 45 League T57"]
[Site "Internet Chess Club"]
[Date "2013.06.24"]
[Round "5"]
[White "houseofcook"]
[Black "moodle"]
[Result "1-0"]
[WhiteElo "1550"]
[BlackElo "1327"]
[Opening "Scotch gambit: Benima defense"]
[ECO "C44"]
[Time "13:30:24"]
[TimeControl "2700+45"]

1. e4 e5 2. Nf3 Nc6 3. d4 exd4 4. Bc4 Be7 5. c3 d6 6. cxd4 Nf6 7. Nc3 O-O 8. h3
Bd7 9. O-O a5 10. Re1 h6 11. Bf4 Nb4 12. a3 Na6 13. Qd2 c6 14. e5 dxe5 15. Bxe5
b5 16. Bd3 Be6 17. Ne4 a4 18. Nxf6+ Bxf6 19. Be4 Rc8 20. Rac1 Bd5 21. Bxd5 Qxd5
22. Bxf6 gxf6 23. Qxh6 Qd6 24. Ng5 fxg5 25. Qxd6 Nb8 26. Qg3 f6 27. h4 Kh8 28.
hxg5 fxg5 29. Qxg5 Rc7 30. Re6 Rh7 31. Rh6 Nd7 32. Rxh7+ Kxh7 33. Qh5+ Kg8 34.
Qg4+ {Black resigns} 1-0

[Event "Team 45 45 League T57"]
[Site "Internet Chess Club"]
[Date "2013.06.22"]
[Round "5"]
[White "hondocando"]
[Black "pereelcoix"]
[Result "0-1"]
[WhiteElo "1476"]
[BlackElo "1556"]
[Opening "Ruy Lopez: open, classical defense"]
[ECO "C83"]
[Time "09:02:19"]
[TimeControl "2700+45"]

1. e4 e5 2. Nf3 Nc6 3. Bb5 a6 4. Ba4 Nf6 5. O-O Nxe4 6. d4 b5 7. Bb3 d5 8. dxe5
Be6 9. c3 Be7 10. Nbd2 Nxd2 11. Bxd2 O-O 12. Re1 Re8 13. h3 Na5 14. Bc2 Nc4 15.
Bc1 Qd7 16. Kh2 c6 17. b3 Na3 18. Bd3 Bf5 19. Nd4 Bxd3 20. Qxd3 Bc5 21. Bxa3
Bxa3 22. b4 a5 23. Nc2 axb4 24. Nxb4 Bxb4 25. cxb4 Qe7 26. a3 Qg5 27. Qe3 Qf5
28. g4 Qg6 29. f4 Qc2+ 30. Re2 Qc4 31. Rc1 Rxa3 32. Rxc4 Rxe3 33. Rxe3 bxc4 34.
Kg2 Rb8 35. Ra3 h5 36. Ra6 hxg4 37. hxg4 c5 38. bxc5 c3 39. Ra1 d4 40. Rc1 Rd8
41. c6 Rc8 42. Kf2 Rxc6 43. Ke2 Rc5 44. Kd3 Rd5 45. Kc4 Rd8 46. Kd3 Kf8 47. Rb1
Ke7 48. f5 Rd5 49. Rb7+ Rd7 50. f6+ gxf6 51. exf6+ Ke6 52. Rb6+ Rd6 53. Rb5 Kxf6
54. Rf5+ Ke6 55. Rf4 f6 56. Re4+ Kf7 57. Rf4 Ke7 58. Re4+ Kd7 59. Rf4 Kc7 60.
Rf5 Kc6 61. Ra5 Kb6 62. Rf5 Rc6 63. Kxd4 c2 {White resigns} 0-1

[Event "Team 45 45 League T57"]
[Site "Internet Chess Club"]
[Date "2013.06.23"]
[Round "5"]
[White "Leon13"]
[Black "crazyhorses"]
[Result "1/2-1/2"]
[WhiteElo "1323"]
[BlackElo "1472"]
[Opening "Sicilian: closed"]
[ECO "B23"]
[Time "13:00:45"]
[TimeControl "2700+45"]

1. e4 c5 2. Nc3 g6 3. Bb5 Nc6 4. Bxc6 dxc6 5. f4 Nf6 6. e5 Bg4 7. Nf3 Nd5 8. d3
Bh6 9. h3 Bd7 10. g3 Qb6 11. Ne4 O-O-O 12. b3 f5 13. Ned2 Qa6 14. Bb2 Ne3 15.
Qc1 Be6 16. Kf2 Nd5 17. Nc4 Rhg8 18. Ne3 g5 19. fxg5 Bxg5 20. Nxg5 Rxg5 21. Nxd5
Bxd5 22. Qxg5 Bxh1 23. Rxh1 Qxa2 24. Qc1 c4 25. bxc4 Qa5 26. Qa1 Qd2+ 27. Kf3
Qxc2 28. Rd1 Rxd3+ 29. Rxd3 Qxd3+ 30. Kf4 Qe4+ 31. Kg5 e6 32. Qxa7 Qf3 33. Ba3
Qxg3+ 34. Kf6 Qg6+ 35. Ke7 Qg7+ 36. Kxe6 Qg6+ 37. Ke7 Qg7+ 38. Ke6 {Game drawn
by mutual agreement} 1/2-1/2

[Event "Team 45 45 League T57"]
[Site "Internet Chess Club"]
[Date "2013.06.21"]
[Round "5"]
[White "caglar"]
[Black "Andressa"]
[Result "1/2-1/2"]
[WhiteElo "1528"]
[BlackElo "1444"]
[Opening "Two knights defense"]
[ECO "C55"]
[Time "16:08:11"]
[TimeControl "2700+45"]

1. e4 e5 2. Bc4 Nc6 3. Nf3 Nf6 4. d4 d5 5. exd5 Nxd5 6. dxe5 Be6 7. O-O Be7 8.
Qe2 O-O 9. Rd1 Nf4 10. Bxf4 Bxc4 11. Qe1 Qc8 12. b3 Nb4 13. bxc4 Nxc2 14. Qc3
Nxa1 15. Qxa1 Qf5 16. Be3 Rfd8 17. Nc3 Bb4 18. Nd5 Bf8 19. Nxc7 Rac8 20. Rxd8
Rxd8 21. Nd5 b6 22. a4 Qc2 23. Bg5 Rd7 24. Ne3 Qe2 25. h3 Bc5 26. a5 Bxe3 27.
Qa4 Bxf2+ 28. Kh2 Qd3 29. axb6 Bxb6 30. e6 Bc7+ 31. Kg1 Bb6+ 32. Kh2 Bc7+ 33.
Kg1 Bb6+ 34. Kh2 {Game drawn by repetition} 1/2-1/2

[Event "Team 45 45 League T57"]
[Site "Internet Chess Club"]
[Date "2013.06.23"]
[Round "5"]
[White "Andaluz"]
[Black "kingphisch"]
[Result "1/2-1/2"]
[WhiteElo "1165"]
[BlackElo "1473"]
[Opening "Polish (Sokolsky) opening"]
[ECO "A00"]
[Time "13:01:36"]
[TimeControl "2700+45"]

1. b4 d5 2. Bb2 Nf6 3. Nf3 Nbd7 4. e3 e6 5. a3 Bd6 6. g3 O-O 7. Bg2 Re8 8. d3 e5
9. O-O b6 10. Nbd2 Bb7 11. Re1 Rc8 12. Rc1 c5 13. c3 a5 14. bxc5 Nxc5 15. Nb3
Ba6 16. Nxc5 bxc5 17. Bf1 Qc7 18. Bg2 Bb7 19. Bh3 Rcd8 20. Bg2 e4 21. dxe4 dxe4
22. Nd2 c4 23. Qc2 Re7 24. Bf1 Ba6 25. Qa4 Rc8 26. Bh3 Rb8 27. Qc2 Qb6 28. Rb1
Qc7 29. Bg2 {Game drawn by mutual agreement} 1/2-1/2

[Event "Team 45 45 League T57"]
[Site "Internet Chess Club"]
[Date "2013.06.22"]
[Round "5"]
[White "Jack-ONeill"]
[Black "fledermaus"]
[Result "1-0"]
[WhiteElo "2047"]
[BlackElo "1953"]
[Opening "Catalan: closed, Qc2 & b3"]
[ECO "E08"]
[Time "13:31:32"]
[TimeControl "2700+45"]

1. c4 e6 2. g3 d5 3. Bg2 Nf6 4. Nf3 c6 5. Qc2 Nbd7 6. O-O Be7 7. d4 O-O 8. b3 b6
9. Bb2 Ba6 10. Nbd2 Rc8 11. e4 dxe4 12. Nxe4 Nxe4 13. Qxe4 Bb7 14. Rad1 Qc7 15.
Qe2 Rfd8 16. Rfe1 Bb4 17. Rf1 Bf8 18. h4 Re8 19. Qc2 h6 20. Rfe1 Rcd8 21. Qb1 g6
22. Bh3 Bg7 23. h5 g5 24. d5 cxd5 25. Bxg7 Kxg7 26. Rxe6 Rxe6 27. Bxe6 Nf6 28.
Nxg5 hxg5 29. Qf5 Nh7 30. h6+ Kg8 31. Qg6+ Kf8 32. Qxh7 {Black resigns} 1-0

[Event "Team 45 45 League T57"]
[Site "Internet Chess Club"]
[Date "2013.06.23"]
[Round "5"]
[White "CogitoErgoSum"]
[Black "Ptzz"]
[Result "0-1"]
[WhiteElo "1929"]
[BlackElo "2097"]
[Opening "Caro-Kann: Panov-Botvinnik attack"]
[ECO "B13"]
[Time "11:15:34"]
[TimeControl "2700+45"]

1. e4 c6 2. d4 d5 3. exd5 cxd5 4. c4 Nf6 5. Nc3 Nc6 6. Bf4 Bg4 7. f3 Bf5 8. c5
e6 9. Bb5 Be7 10. b4 O-O 11. a3 Nh5 12. Be3 Bg5 13. Qd2 Bxe3 14. Qxe3 Qh4+ 15.
Qf2 Qxd4 16. Qxd4 Nxd4 17. g4 Nc2+ 18. Kd1 Nxa1 19. gxf5 Nb3 20. Nge2 e5 21. Kc2
Nd4+ 22. Nxd4 exd4 23. Nxd5 Rfd8 24. Bc4 Kf8 25. Kd3 Rd7 26. Rc1 Rad8 27. Ke4
Rxd5 {White resigns} 0-1

[Event "Team 45 45 League T57"]
[Site "Internet Chess Club"]
[Date "2013.06.24"]
[Round "5"]
[White "Holgate"]
[Black "SaltofLife"]
[Result "1/2-1/2"]
[WhiteElo "2028"]
[BlackElo "1886"]
[Opening "French: Tarrasch"]
[ECO "C03"]
[Time "14:08:00"]
[TimeControl "2700+45"]

1. e4 e6 2. d4 d5 3. Nd2 Be7 4. Ngf3 Nf6 5. e5 Nfd7 6. Bd3 c5 7. c3 b6 8. Qe2 a5
9. O-O Qc7 10. Re1 Ba6 11. Bxa6 Nxa6 12. Nf1 h6 13. Bd2 c4 14. Ne3 Qc6 15. b3 b5
16. a4 b4 17. bxc4 O-O 18. cxd5 exd5 19. c4 dxc4 20. d5 Qc5 21. Nf5 Bd8 22. e6
Qxd5 23. e7 Qxf5 24. exf8=Q+ Nxf8 25. Qxc4 Qc5 26. Qg4 Qd6 27. Rad1 Qg6 28. Qc4
Bb6 29. Bf4 Bc5 30. Rd5 Qb6 31. Bg3 b3 32. Qb5 Qxb5 33. axb5 Nb4 34. Rxc5 Nd3
35. Rcc1 Nxc1 36. Rxc1 a4 37. Rb1 a3 38. Be5 Nd7 39. Bd4 b2 40. Bxb2 axb2 41.
Kf1 Ra1 42. Nd2 Nb6 43. Ke2 Na4 44. Kd3 Kf8 45. Kc2 Ke7 46. Nc4 Rxb1 47. Kxb1
Nc3+ 48. Kxb2 Nxb5 {Game drawn by mutual agreement} 1/2-1/2

[Event "Team 45 45 League T57"]
[Site "Internet Chess Club"]
[Date "2013.06.26"]
[Round "5"]
[White "fishhead"]
[Black "pishd"]
[Result "0-1"]
[WhiteElo "1864"]
[BlackElo "1777"]
[Opening "Caro-Kann: two knights variation"]
[ECO "B10"]
[Time "11:15:38"]
[TimeControl "2700+45"]

1. e4 c6 2. Nf3 d5 3. Nc3 dxe4 4. Nxe4 Nf6 5. Nxf6+ exf6 6. Bc4 Bd6 7. O-O O-O
8. d4 Bg4 9. h3 Bh5 10. Qd3 Nd7 11. a4 Nb6 12. Bb3 Bc7 13. Nh4 Qd6 14. g3 Rad8
15. c3 g5 16. Nf5 Qd7 17. f4 Rde8 18. g4 Bg6 19. fxg5 Bxf5 20. Rxf5 Re1+ 21. Kf2
Rfe8 22. Rxf6 Nd5 23. Rh6 f5 24. gxf6 Rh1 25. Qf3 Ree1 26. f7+ Kf8 27. Rxh7
Ref1+ 28. Kg2 Rhg1# {White checkmated} 0-1

[Event "Team 45 45 League T57"]
[Site "Internet Chess Club"]
[Date "2013.06.21"]
[Round "5"]
[White "kyoroogi"]
[Black "Froggy"]
[Result "1-0"]
[WhiteElo "2105"]
[BlackElo "2023"]
[Opening "French: King's Indian attack"]
[ECO "C00"]
[Time "15:00:48"]
[TimeControl "2700+45"]

1. e4 e6 2. d3 d5 3. Qe2 Ne7 4. Nf3 c5 5. g3 Nbc6 6. Bg2 g6 7. O-O Bg7 8. c3 h6
9. h4 b6 10. Re1 a5 11. a4 Ra7 12. e5 Ba6 13. Na3 Rd7 14. Bf4 Nf5 15. Nb5 Bf8
16. Qd2 Bxb5 17. axb5 Na7 18. Bf1 Nxb5 19. d4 Na7 20. Be3 Qc7 21. Bd3 cxd4 22.
Nxd4 Nxd4 23. Bxd4 Bc5 24. Rec1 Kf8 25. Qf4 Kg7 26. Qf6+ Kh7 27. h5 Rg8 28.
hxg6+ fxg6 29. Qxe6 Nc6 30. Bb5 Rc8 31. Bxc5 bxc5 32. f4 Qb7 33. Bd3 Ne7 34. Ba6
{Black resigns} 1-0

[Event "Team 45 45 League T57"]
[Site "Internet Chess Club"]
[Date "2013.06.24"]
[Round "5"]
[White "Goli"]
[Black "ben622"]
[Result "0-1"]
[WhiteElo "1903"]
[BlackElo "2059"]
[Opening "Alekhine's defense: Scandinavian variation"]
[ECO "B02"]
[Time "16:45:05"]
[TimeControl "2700+45"]

1. e4 Nf6 2. Nc3 d5 3. exd5 Nxd5 4. Nxd5 Qxd5 5. d4 Nc6 6. Nf3 Bg4 7. Be2 O-O-O
8. c4 Qe4 9. Be3 e5 10. Bd3 Bb4+ 11. Kf1 Bxf3 12. Bxe4 Bxd1 13. Rxd1 Nxd4 14. f4
Ne6 15. Rxd8+ Rxd8 16. g3 exf4 17. gxf4 Bd2 18. Ke2 Nxf4+ 19. Bxf4 Bxf4 20. Rf1
g5 21. Bxh7 Rd2+ 22. Kf3 Rxh2 23. Bf5+ Kd8 24. Rd1+ Ke7 25. Rb1 Be5 26. Re1 Kf6
27. Be4 Rxb2 28. Rf1 c6 29. Kg4+ Bf4 30. Bb1 Rg2+ 31. Kf3 Rg3+ 32. Ke2 Ke5 33.
Rd1 f5 34. Rd7 Rg2+ 35. Kf3 Rb2 36. Rd1 g4# {White checkmated} 0-1

[Event "Team 45 45 League T57"]
[Site "Internet Chess Club"]
[Date "2013.06.27"]
[Round "5"]
[White "Otelo"]
[Black "Inquisiteur"]
[Result "1-0"]
[WhiteElo "1868"]
[BlackElo "1631"]
[Opening "Scandinavian: Pytel-Wade variation"]
[ECO "B01"]
[Time "21:30:38"]
[TimeControl "2700+45"]

1. e4 d5 2. exd5 Qxd5 3. Nc3 Qd6 4. d4 a6 5. Bc4 Nf6 6. Nge2 Bf5 7. O-O e6 8.
Bf4 Qd7 9. Re1 Be7 10. d5 exd5 11. Nxd5 Nxd5 12. Bxd5 c6 13. Bxb8 cxd5 14. Bg3
O-O 15. Nd4 Bg6 16. c3 b5 17. Qb3 h5 18. Nf3 Bf5 19. Ne5 Qb7 20. Rad1 Be6 21.
Ng6 Rfd8 22. Nxe7+ Qxe7 23. Rd4 Qc5 24. Qd1 g6 25. Qd2 Qf8 26. Bh4 Rd7 27. Rf4
Qh6 28. Bg3 Rc8 29. Qd4 Rc4 30. Qf6 Rxf4 31. Bxf4 Qg7 32. Qh4 Kf8 33. Be5 Qh6
34. Qf6 Qd2 35. Qh8+ Ke7 36. Bf6+ Kd6 37. Qb8+ Kc6 38. Qa8+ Rb7 39. Qxa6+ Rb6
40. Qa8+ Rb7 41. Qe8+ Rd7 42. Qa8+ Rb7 43. Rf1 Qxb2 44. a4 bxa4 45. Qxa4+ Qb5
46. Qa8 Kd7 47. Qd8+ Kc6 48. Be5 Kc5 49. c4 Rd7 50. Qf8+ Kxc4 51. Rc1+ Kd3 52.
Qa3+ Ke4 53. Qe3+ Kf5 54. Qf4# {Black checkmated} 1-0

[Event "Team 45 45 League T57"]
[Site "Internet Chess Club"]
[Date "2013.06.22"]
[Round "5"]
[White "NimzoMal"]
[Black "bobhill"]
[Result "1-0"]
[WhiteElo "1989"]
[BlackElo "1985"]
[Opening "QGD: Charousek (Petrosian) variation"]
[ECO "D31"]
[Time "08:01:23"]
[TimeControl "2700+45"]

1. d4 d5 2. c4 e6 3. Nc3 Be7 4. cxd5 exd5 5. Nf3 Nf6 6. Bg5 h6 7. Bxf6 Bxf6 8.
e3 Bf5 9. Bd3 Bxd3 10. Qxd3 O-O 11. O-O c6 12. Rac1 Nd7 13. Rfe1 Re8 14. e4 dxe4
15. Nxe4 Nf8 16. b4 Ne6 17. Nxf6+ Qxf6 18. Re5 Nc7 19. Rce1 Rxe5 20. dxe5 Qe6
21. a3 Nd5 22. h3 Re8 23. Nd4 Qe7 24. e6 Nf4 25. exf7+ Qxf7 26. Rxe8+ Qxe8 27.
Qc4+ Kh8 28. Nf3 Nd5 29. Kh2 Qg6 30. g3 Qf6 31. Qe2 Nc3 32. Qe8+ Kh7 33. Kg2 Nd5
34. Qe4+ Kg8 35. Qe8+ Qf8 36. Qe6+ Qf7 37. Qe5 a6 38. Nd4 Nb6 39. Qe4 Nc4 40. a4
Nd2 41. Qf5 g6 42. Qc8+ Kh7 43. Qe6 Qg7 44. Qg4 Nb1 45. Ne6 Qe7 46. a5 Nc3 47.
h4 Nd5 48. Nc5 h5 49. Qd7 Qxd7 50. Nxd7 Nxb4 51. Nc5 Kg7 52. Kf3 Kf6 53. Ke4 g5
54. hxg5+ Kxg5 55. Nxb7 Kg4 56. Nc5 Kg5 57. f3 Kf6 58. Kd4 Ke7 59. Kc4 Nc2 60.
Nxa6 Kd6 61. Nc5 Kc7 62. Ne6+ Kb7 63. Kc5 Ne1 64. f4 Nd3+ 65. Kd6 Nf2 66. Nc5+
Ka7 67. Kxc6 Nh1 68. Ne4 Kb8 69. f5 Kc8 70. f6 Kd8 71. a6 {Black resigns} 1-0

[Event "Team 45 45 League T57"]
[Site "Internet Chess Club"]
[Date "2013.06.24"]
[Round "5"]
[White "Bible-Believer"]
[Black "anna"]
[Result "1/2-1/2"]
[WhiteElo "1722"]
[BlackElo "1677"]
[Opening "Four knights: Spanish variation"]
[ECO "C48"]
[Time "21:22:38"]
[TimeControl "2700+45"]

1. e4 e5 2. Nf3 Nc6 3. Nc3 Nf6 4. Bb5 d6 5. d3 h6 6. O-O Be7 7. h3 O-O 8. Be3
Be6 9. Qe2 Nb8 10. d4 exd4 11. Nxd4 c6 12. Nxe6 fxe6 13. Ba4 Nbd7 14. Rad1 d5
15. exd5 exd5 16. Rfe1 Re8 17. Bb3 Kh8 18. Qd3 Bd6 19. Bd4 Rxe1+ 20. Rxe1 Qf8
21. Re6 Re8 22. Qe3 Rxe6 23. Qxe6 Qe7 24. Qxe7 Bxe7 25. f3 a6 26. Ne2 Bd6 27. c4
dxc4 28. Bxc4 Ne5 29. Bxe5 Bxe5 30. b3 Nh5 31. Be6 a5 {Game drawn by mutual
agreement} 1/2-1/2

[Event "Team 45 45 League T57"]
[Site "Internet Chess Club"]
[Date "2013.06.20"]
[Round "5"]
[White "Littlemon"]
[Black "palm47"]
[Result "0-1"]
[WhiteElo "1429"]
[BlackElo "1608"]
[Opening "Dutch defense, Rubinstein variation"]
[ECO "A84"]
[Time "12:01:26"]
[TimeControl "2700+45"]

1. d4 f5 2. c4 e6 3. Nc3 Nf6 4. Nf3 Bb4 5. Bf4 Ne4 6. Qc2 Nc6 7. e3 g5 8. Bg3
O-O 9. Bd3 Nxg3 10. hxg3 g4 11. Nd2 Rf6 12. O-O-O d5 13. Rh2 Ba5 14. Rdh1 Rf7
15. a3 Bd7 16. b4 dxc4 17. Bxc4 Nxb4 18. axb4 Bxb4 19. Qb3 c5 20. Bxe6 Bxe6 21.
Qxe6 Qc8 22. Qxc8+ Rxc8 23. Na2 cxd4+ 24. Kd1 Bc3 25. exd4 Bxd4 26. Ke2 Re8+ 27.
Kf1 Rfe7 28. Kg1 Re1+ 29. Nf1 R8e2 30. Rxh7 Bxf2+ 31. Kh2 Kxh7 32. Nc3 Re6 33.
Nd5 Rh6# {White checkmated} 0-1

[Event "Team 45 45 League T57"]
[Site "Internet Chess Club"]
[Date "2013.06.21"]
[Round "5"]
[White "kingsrook"]
[Black "DeltaChess"]
[Result "1/2-1/2"]
[WhiteElo "1273"]
[BlackElo "1369"]
[Opening "QGD Slav: 4.Nc3"]
[ECO "D15"]
[Time "19:00:06"]
[TimeControl "2700+45"]

1. d4 d5 2. c4 Nf6 3. Nf3 c6 4. Nc3 Bf5 5. e3 e6 6. Bd3 Bg6 7. Bxg6 hxg6 8. O-O
Nbd7 9. c5 Qc7 10. Qd3 O-O-O 11. b4 g5 12. g3 Rh5 13. a4 Be7 14. b5 Rdh8 15. Kg2
g4 16. Nh4 g5 17. Rh1 gxh4 18. a5 Qd8 19. bxc6 Nxc5 20. dxc5 bxc6 21. Qa6+ Kd7
22. Rb1 Qc8 23. Rb7+ Kd8 24. Ba3 Nd7 25. Qxa7 hxg3 26. fxg3 Rf5 27. Rhb1 Rh6 28.
Rxd7+ Qxd7 29. Rb8+ Qc8 30. Qb6+ Kd7 31. Rxc8 Kxc8 32. Qxc6+ Kd8 33. Qa8+ Kd7
34. Qb7+ Ke8 35. Qc8+ Bd8 36. Qc6+ Kf8 37. Qc8 Ke8 38. Qc6+ Kf8 39. Qc8 Ke8 40.
Qc6+ Kf8 41. Qc8 Ke8 42. Qc6+ Kf8 43. Qc8 Ke8 {Game drawn by repetition} 1/2-1/2

[Event "Team 45 45 League T57"]
[Site "Internet Chess Club"]
[Date "2013.06.25"]
[Round "5"]
[White "wildcat2023"]
[Black "JRussell2"]
[Result "1-0"]
[WhiteElo "1400"]
[BlackElo "1403"]
[Opening "Hungarian defense"]
[ECO "C50"]
[Time "16:00:42"]
[TimeControl "2700+45"]

1. e4 e5 2. Nf3 Nc6 3. Bc4 Be7 4. c3 Nf6 5. d3 h6 6. O-O d6 7. Be3 O-O 8. Nbd2
a6 9. b4 Be6 10. Bxe6 fxe6 11. d4 exd4 12. cxd4 e5 13. Qb3+ Kh8 14. d5 Nb8 15.
a4 Nbd7 16. Rfc1 Rc8 17. Rc2 c5 18. bxc5 Nxc5 19. Bxc5 Rxc5 20. Rxc5 dxc5 21.
Qxb7 Qd6 22. Nc4 Qd8 23. Ncxe5 Qe8 24. Qxa6 Nxe4 25. Ng6+ Kg8 26. Qe6+ Qf7 27.
Nxe7+ Kh7 28. Qxe4+ g6 29. d6 Re8 30. Ne5 Qg7 31. N7xg6 Kg8 32. Ne7+ Rxe7 33.
dxe7 Qxe7 34. Rb1 Qc7 35. Rb8+ Qxb8 36. Qg6+ {Black resigns} 1-0

[Event "Team 45 45 League T57"]
[Site "Internet Chess Club"]
[Date "2013.06.20"]
[Round "5"]
[White "drsigmund1"]
[Black "kutch"]
[Result "1/2-1/2"]
[WhiteElo "1524"]
[BlackElo "1502"]
[Opening "King's Indian: London system"]
[ECO "A48"]
[Time "20:54:13"]
[TimeControl "2700+45"]

1. d4 Nf6 2. Nf3 g6 3. Bf4 d6 4. e3 Bg7 5. Be2 c5 6. c3 Nbd7 7. h3 Qb6 8. Qb3
O-O 9. Nbd2 Qxb3 10. axb3 Nd5 11. Bh2 cxd4 12. exd4 N7f6 13. O-O Be6 14. Ng5 Bd7
15. Rfe1 h6 16. Ngf3 Rfe8 17. Bd3 Nh5 18. Be4 Bc6 19. Nc4 Ndf4 20. Na5 Bxe4 21.
Rxe4 b6 22. Nc6 Nd3 23. Rxe7 d5 24. Rexa7 Rxa7 25. Rxa7 Nxb2 26. Be5 Nd3 27.
Bxg7 Kxg7 28. Nfe5 Nxe5 29. Nxe5 Rf8 30. Nd7 Rc8 31. Nxb6 Rxc3 32. b4 Rd3 33.
Nxd5 Rxd4 34. Ra5 Nf4 35. Nxf4 Rxf4 36. Rb5 Kf6 37. g3 Rd4 38. Rb8 Rd7 39. b5
Ke6 40. Kg2 h5 41. Kf3 Kd6 42. Kf4 Kc7 43. Ra8 Kb6 44. Kg5 Kxb5 45. Kf6 Rd2 46.
f4 Rd3 47. Kxf7 Rxg3 48. Rg8 Rxh3 49. Rxg6 h4 50. f5 Rf3 51. f6 Kc6 52. Kg7 Kd7
53. Kf8 h3 54. Rh6 h2 55. Rxh2 Rxf6+ 56. Kg7 Rd6 57. Ra2 Kc6 58. Kf7 Kd5 59. Ke7
Re6+ 60. Kf7 Rc6 61. Rd2+ Ke5 62. Re2+ Kd5 63. Rd2+ Ke5 64. Re2+ Kd5 65. Rd2+
Ke5 66. Re2+ {Game drawn by repetition} 1/2-1/2

[Event "Team 45 45 League T57"]
[Site "Internet Chess Club"]
[Date "2013.06.23"]
[Round "5"]
[White "PostMike"]
[Black "nosir"]
[Result "1-0"]
[WhiteElo "1532"]
[BlackElo "1439"]
[Opening "Alekhine's defense"]
[ECO "B02"]
[Time "16:00:37"]
[TimeControl "2700+45"]

1. e4 Nf6 2. e5 Nd5 3. c4 Nb6 4. Nf3 d6 5. exd6 exd6 6. d4 Bf5 7. Bd3 Bxd3 8.
Qxd3 Nc6 9. a3 Be7 10. b4 Bf6 11. O-O O-O 12. Bd2 Re8 13. b5 Ne7 14. Nc3 c5 15.
d5 Ng6 16. Rae1 Qd7 17. Re4 Ne5 18. Nxe5 Rxe5 19. Rxe5 Bxe5 20. Ne2 Re8 21. f4
Bf6 22. Bc3 Rxe2 23. Qxe2 Bxc3 24. Rc1 Bd4+ 25. Kf1 Kf8 26. h3 Qe7 27. Qxe7+
Kxe7 28. g4 Kf6 29. Ke2 Bb2 30. Rc2 Bxa3 31. Kd3 Nc8 32. Re2 h6 33. Re8 Nb6 34.
Rb8 Na4 35. Rxb7 Nb2+ 36. Kc3 Nd1+ 37. Kb3 Bb4 38. Rxa7 Nc3 39. b6 Ne2 40. b7
{Black resigns} 1-0